 Dungeon Crawl Stone Soup version 0.24-a0-201-gf205589 (console) character file.

Game seed: 10755702800067991760

482 Jenz the Slasher (level 7, -1/55 HPs)
             Began as a Merfolk Abyssal Knight on Mar 22, 2019.
             Was a Priest of Lugonu.
             Slain by a hound (4 damage)
             ... on level 4 of the Dungeon.
             The game lasted 00:10:11 (3991 turns).

Jenz the Slasher (Merfolk Abyssal Knight)           Turns: 3991, Time: 00:10:12

Health: -1/55      AC:  2    Str: 15 (16) XL:     7   Next: 12%
Magic:  8/8        EV: 12    Int: 10 (11) God:    Lugonu [***...]
Gold:   133        SH:  0    Dex: 12      Spells: 6/6 levels left

rFire    . . .     SeeInvis .   a - +1 falchion
rCold    + . .     Gourm    .   (no shield)
rNeg     . . .     Faith    .   b - +1 leather armour
rPois    .         Spirit   .   (no helmet)
rElec    .         Reflect  .   (no cloak)
rCorr    .         Harm     .   (no gloves)
MR       .....                  (no boots)
Stlth    +.........             (no amulet)
HPRegen  0.18/turn              q - -2 ring of evasion (curse)
MPRegen  0.11/turn              (no ring)

@: lethally poisoned (-1 -> -2)
A: change form in water, swift swim, stealthy swim, clumsy 1, cold resistance 1,
deformed body, strong 1
a: Depart the Abyss, Bend Space, Banish, Renounce Religion


You were on level 4 of the Dungeon.
You worshipped Lugonu.
Lugonu was most pleased with you.
You were not hungry.

You visited 1 branch of the dungeon, and saw 4 of its levels.
You visited the Abyss 1 time.

You collected 133 gold pieces.

Inventory:

Hand Weapons
 a - a +1 falchion (weapon)
Armour
 b - a +1 leather armour (worn)
Jewellery
 q - a cursed -2 ring of evasion (left hand)
Wands
 g - a wand of acid (7)
Scrolls
 d - 2 scrolls of magic mapping
 k - a scroll of immolation
 n - a scroll of fear
Potions
 e - a potion of agility {unknown}
 h - a potion of magic {unknown}
 j - a potion of brilliance
 m - a potion of flight
Comestibles
 c - 4 rations
 f - 3 chunks of flesh


   Skills:
 + Level 4.9 Fighting
 + Level 5.3 Long Blades
 + Level 2.2 Armour
 + Level 4.9 Dodging
 + Level 1.1 Stealth
 + Level 2.0 Invocations


You had 6 spell levels left.
You didn't know any spells.
Your spell library was empty.

Dungeon Overview and Level Annotations

Branches:
Dungeon (4/15)
 Temple: D:4-7

Altars:


Innate Abilities, Weirdness & Mutations

You revert to your normal form in water You are very nimble and swift while swimming.
You are very stealthy in the water. (Stealth+)
You are clumsy. (Dex -2)
Your flesh is cold resistant. (rC+)
Armour fits poorly on your strangely shaped body.
Your muscles are strong. (Str +2)


Message History

You slash the scorpion!
You kill the scorpion!
Lugonu accepts your kill. The hound barely misses you.
You riposte.
You completely miss the hound.
The orc hits you from afar with a +0 trident.
You closely miss the hound.
You feel sick. The hound closely misses you.
You riposte.
You hit the hound.
The hound is lightly wounded.
The orc hits you from afar with a +0 trident.
* * * LOW HITPOINT WARNING * * *
The hound bites you.
* * * LOW HITPOINT WARNING * * *
You barely miss the hound.
The hound is lightly wounded.
The hound bites you but does no damage. The orc closely misses you.
You barely miss the hound.
The hound is lightly wounded.
You feel sick. The hound bites you.
* * * LOW HITPOINT WARNING * * *
The hound bites you.
You die...

#############
............###
.............
.###........#
......†.....#
##....@.o..######
........h.....<..
#..#####.......#
##....##.......###..
#...###......... ####
########.###.[.###
...#
#...####....†.#######
...#
##.#.........÷.......#
...#
#..##########÷÷###...
...#####.## #......# .
...##....# #.####..#


You could see a hound and an orc.

Vanquished Creatures
  2 scorpions (D:4)
  A howler monkey (D:4)
  An orc priest (D:3)
  An orc wizard (D:3)
  Natasha (thrice) (D:2)
  A hound zombie (D:2)
  3 adders
  7 gnolls
  An ooze (D:1)
  A worm (D:3)
  2 dart slugs
  A ball python (D:1)
  11 bats
  7 giant cockroaches
  7 goblins
  6 hobgoblins
  18 jackals
  9 kobolds
  5 quokkas
  A frilled lizard (D:1)
  A leopard gecko skeleton (D:4)
  5 rats
94 creatures vanquished.

Notes
Turn   | Place    | Note
-------+----------+-------------------------------------------
     0 | Abyss:1  | Jenz the Merfolk Abyssal Knight began the quest for the
                  | Orb.
     0 | Abyss:1  | Reached XP level 1. HP: 18/18 MP: 2/2
    74 | Abyss:1  | Noticed a quasit
    86 | D:1      | Escaped the Abyss
   217 | D:1      | Reached XP level 2. HP: 21/24 MP: 3/3
   229 | D:1      | Reached * piety under Lugonu
   476 | D:1      | Reached XP level 3. HP: 30/30 MP: 4/4
   569 | D:1      | You fall through a shaft!
   937 | D:2      | Reached XP level 4. HP: 37/37 MP: 5/5
   960 | D:2      | Reached ** piety under Lugonu
   997 | D:2      | Reached skill level 1 in Armour
  1014 | D:2      | Reached skill level 3 in Long Blades
  1333 | D:2      | Noticed Natasha
  1341 | D:2      | Killed Natasha
  1341 | D:2      | Reached XP level 5. HP: 35/42 MP: 6/6
  1389 | D:2      | Noticed Natasha
  1396 | D:2      | Killed Natasha
  2403 | D:2      | Noticed Natasha
  2412 | D:2      | Killed Natasha
  2624 | D:3      | Reached skill level 4 in Long Blades
  2660 | D:3      | Reached XP level 6. HP: 30/49 MP: 7/7
  3057 | D:3      | Reached *** piety under Lugonu
  3252 | D:3      | Reached skill level 1 in Stealth
  3974 | D:4      | Reached skill level 5 in Long Blades
  3974 | D:4      | Reached XP level 7. HP: 39/55 MP: 8/8
  3986 | D:4      | Gained mutation: Armour fits poorly on your strangely
                  | shaped body. [potion of mutation]
  3986 | D:4      | Gained mutation: Your flesh is cold resistant. (rC+)
                  | [potion of mutation]
  3986 | D:4      | Gained mutation: You are clumsy. (Dex -2) [potion of
                  | mutation]
  3986 | D:4      | Gained mutation: Your muscles are strong. (Str +2) [potion
                  | of mutation]
  3991 | D:4      | Slain by a hound

Levels and vault maps discovered:
D:1:      dpeg_arrival_arbitrary_a, layout_basic, roderic_roman_lattice,
          minmay_misc_feat_nine_boxes, minmay_tromino_v4_c
D:2:      layout_basic, uniq_natasha
D:3:      layout_basic, serial_rivers, chequers_serial_rivers_micro_a,
          chequers_serial_rivers_micro_d, chequers_serial_rivers_micro_d,
          chequers_serial_rivers_micro_a, chequers_serial_rivers_small_3,
          chequers_serial_rivers_room_b
D:4:      layout_rooms, first_ration
Abyss:1

Skill      XL: |  1  2  3  4  5  6 |
---------------+-------------------+-----
Dodging        | 3 4 |  4.9
Fighting       | 4 |  4.9
Armour         | 1 2 |  2.2
Long Blades    | 3 4 5 |  5.3
Stealth        | 1 |  1.1
Invocations    | |  2.0

Action                   |  1- 3 |  4- 6 |  7- 9 || total
-------------------------+-------+-------+-------++-------
Melee: Falchion          |    81 |   208 |    12 ||   301
Invok: Depart the Abyss  |     1 |       |       ||     1
  Use: Scroll            |       |     9 |       ||     9
       Potion            |       |     4 |     2 ||     6
 Stab: Sleeping          |     1 |     2 |       ||     3
  Eat: Chunk             |       |     2 |       ||     2
       Ration            |       |     3 |       ||     3
Armor: Leather armour    |    31 |    43 |     6 ||    80
Dodge: Dodged            |    62 |   163 |    17 ||   242
       Rpst.: Falchion   |    24 |    52 |     4 ||    80

Table legend:
 A = Non-vault XP
 B = Vault XP
 C = Vault XP percentage of total XP
 D = Non-vault monster count
 E = Vault monster count
 F = Vault count percentage of total count
                 A         B        C        D         E       F
            +---------+---------+-------+---------+---------+-------
      Total |     648 |      41 |   6.0 |      91 |       3 |   3.2
            +---------+---------+-------+---------+---------+-------
        D:1 |      38 |       4 |   9.5 |      18 |       2 |  10.0
        D:2 |     210 |      37 |  15.0 |      32 |       1 |   3.0
        D:3 |     176 |       0 |   0.0 |      31 |       0 |   0.0
        D:4 |     224 |       0 |   0.0 |      10 |       0 |   0.0
            +---------+---------+-------+---------+---------+-------
